 Dungeon Crawl Stone Soup version 0.30.0 (webtiles) character file.

Game seed: 11053510635843381961

2 zlionsfan the Sneak (level 1, -1/11 HPs)
             Began as a Vine Stalker Delver on May 6, 2023.
             Slain by an orc
             ... wielding a +0 flail
              (8 damage)
             ... on level 4 of the Dungeon.
             The game lasted 00:00:36 (120 turns).

zlionsfan the Sneak (Vine Stalker Delver)            Turns: 120, Time: 00:00:36

Health: -1/11      AC:  3    Str: 14    XL:     1   Next: 30%
Magic:  0/2        EV: 11    Int: 10    God:
Gold:   7          SH:  0    Dex: 15    Spells: 0/0 levels left

rFire   . . .        a - +0 hand axe
rCold   . . .        (no shield)
rNeg    . . .        b - +0 leather armour
rPois   .            (no helmet)
rElec   .            (no cloak)
rCorr   .            (no gloves)
SInv    .            (no boots)
Will    .....        (no amulet)
Stlth   +++          (no ring)
HPRegen 0.21/turn    (no ring)
MPRegen 0.08/turn

%: guardian spirit
@: no status effects
A: fangs 2, magic shield, antimagic bite, no potion heal 2
a: no special abilities


You were on level 4 of the Dungeon.
You visited 1 branch of the dungeon, and saw 3 of its levels.

You collected 7 gold pieces.

Inventory:

Hand Weapons
 a - a +0 hand axe (weapon)
Armour
 b - a +0 leather armour (worn)
Wands
 g - a wand of digging (3)
Scrolls
 c - a scroll of fog
 d - a scroll of magic mapping
Potions
 e - a potion of flight {unknown}
 f - a potion of haste


   Skills:
 + Level 2.6 Fighting
 + Level 1.7 Axes
 + Level 1.5 Dodging
 + Level 6.1 Stealth


You couldn't memorise any spells.
You didn't know any spells.
Your spell library was empty.

Dungeon Overview and Level Annotations

Branches:
Dungeon (6/15)
 Temple: D:4-7

Altars:


Innate Abilities, Weirdness & Mutations

You have extremely sharp teeth.
When hurt, damage is shared between your health and your magic reserves.
Your bite disrupts and absorbs the magic of your enemies.
Potions cannot restore your health.


Message History

There is an escape hatch in the ceiling here.
You see here 7 gold pieces.
You now have 7 gold pieces.
Cornered, the black bear turns to fight!
There is an escape hatch in the ceiling here.
A mysterious force pulls you upwards. The hatch slams shut behind you.
You open the door.
Found a lumpy blue potion and 3 stones.
There is an open door here.
e - a lumpy blue potion
Found a stone staircase leading up.
There is a stone staircase leading up here.
You climb upwards.
The orc shouts!
Found 2 yellow potions.
There is a stone staircase leading down here.
An orc comes into view. It is wielding a +0 flail.
The orc shouts!
You barely miss the orc. Your bite misses the orc. The orc misses you.
You hit the orc but do no damage. You barely miss the orc.
You hit the orc but do no damage. The orc closely misses you.
The orc hits you with a +0 whip.
You hit the orc.
The orc is heavily wounded.
The orc hits you but does no damage.
You hit the orc but do no damage.
The orc is heavily wounded.
The orc hits you with a +0 whip.
You hit the orc.
The orc is severely wounded.
The orc barely misses you.
You hit the orc.
You kill the orc!
You closely miss the orc. Your bite misses the orc. The orc barely misses you.
The orc closely misses you.
You closely miss the orc. Your bite misses the orc.
The orc hits you with a +0 flail!
Ouch! That really hurt!
You die...

##.# ..
##...#.#
......#
.....
..!. .o#
#o# #@#
#.# #.#
#.# #.#
#.. ###


You could see 2 orcs.

Vanquished Creatures
  An orc (D:4)
1 creature vanquished.

Notes
Turn   | Place    | Note
-------+----------+-------------------------------------------
     0 | D:5      | zlionsfan the Vine Stalker Delver began the quest for the
                  | Orb.
     0 | D:5      | Reached XP level 1. HP: 11/11 MP: 2/2
    32 | D:5      | Noticed a hound
    66 | D:6      | Noticed a black bear
    74 | D:5      | Noticed a jelly
   120 | D:4      | Slain by an orc

Illustrated notes

Levels and vault maps discovered:
D:4:      layout_loops_ring, makhleb_heckhound_becter,
          minmay_temple_entry_large_hall
D:5:      layout_basic, kennysheep_okawaru_gauntlet, minmay_ogre_servants
D:6:      layout_rooms, kennysheep_slug_shrine, lemuel_round_altar,
          serial_shops, nicolae_shop_pleasant_corner_grove, uniq_eustachio,
          uniq_blork_the_orc

Action                     || total
---------------------------++-------
  Melee: Hand axe          ||    10
    Use: Scroll            ||     1
 Armour: Leather armour    ||     1
  Dodge: Dodged            ||     5
